 Dungeon Crawl Stone Soup version 0.31-a0-185-g9dded2c639 (webtiles) character file.

Game seed: 17975761545646621488

176 qw the Skirmisher (level 5, -5/29 HPs)
             Began as a Deep Elf Hunter on June 22, 2023.
             Slain by Sigmund
             ... wielding a +0 scythe
              (11 damage)
             ... on level 3 of the Dungeon.
             The game lasted 00:00:52 (1774 turns).

qw the Skirmisher (Deep Elf Hunter)                 Turns: 1774, Time: 00:00:53

Health: -5/29      AC:  3    Str: 10    XL:     5   Next: 30%
Magic:  7/7        EV: 17    Int: 14    God:
Gold:   6          SH:  0    Dex: 18    Spells: 4/4 levels left

rFire   . . .        Y - +1 shortbow
rCold   . . .        (shield currently unavailable)
rNeg    . . .        c - +0 leather armour
rPois   .            (no helmet)
rElec   .            (no cloak)
rCorr   .            (no gloves)
SInv    .            (no boots)
Will    .....        (no amulet)
Stlth   ++           d - +5 ring of evasion
HPRegen 0.24/turn    (no ring)
MPRegen 0.10/turn

%: no passive effects
@: no status effects
A: no striking features
a: no special abilities


You were on level 3 of the Dungeon.
You visited 1 branch of the dungeon, and saw 3 of its levels.

You collected 117 gold pieces.
You spent 111 gold pieces at shops.


   Skills:
 - Level 1.5 Fighting
 + Level 8.8 Ranged Weapons
 - Level 2.4 Dodging
 - Level 1.2 Stealth


You had 4 spell levels left.
You didn't know any spells.
Your spell library was empty.

Inventory:

Hand Weapons
 Y - a +1 shortbow (weapon)
Armour
 c - a +0 leather armour (worn)
 g - a +0 pair of gloves
 j - a +0 ring mail
Jewellery
 d - a +5 ring of evasion (left hand)
Scrolls
 h - a scroll of revelation {unknown}
 i - a scroll of poison {unknown}
Potions
 a - a potion of curing {unknown}
 b - a potion of attraction {unknown}
 e - 6 potions of heal wounds {unknown}
 f - a potion of enlightenment {unknown}

Dungeon Overview and Level Annotations

Branches:
Dungeon (3/15)

Altars:
Cheibriados
Xom

Shops:
D:2 [   D:3 *(*[

Annotations:
D:3 Sigmund


Message History

The orc is heavily wounded.
The orc misses you.
You shoot an arrow. The arrow hits the orc.
You kill the orc!
An orc comes into view. It is wielding a +0 dagger.
You shoot an arrow. The arrow barely misses the orc.
The ball python completely misses you. x2; The orc closely misses you.
You shoot an arrow. The arrow barely misses the orc.
The ball python bites you but does no damage.
The ball python closely misses you. The orc misses you.
You shoot an arrow. The arrow hits the orc.
The orc is severely wounded.
The ball python barely misses you. The ball python closely misses you.
Something closely misses you. The orc barely misses you.
You shoot an arrow. The arrow closely misses the orc.
The ball python closely misses you. The ball python barely misses you.
The orc barely misses you.
You shoot an arrow. The arrow hits the orc!
You kill the orc!
The ball python completely misses you. x2; Something barely misses you.
The ball python completely misses you. The ball python grabs you.
The ball python constricts you.
You shoot an arrow. The arrow hits the ball python!
You kill the ball python!
Something hits you but does no damage.
You shoot an arrow. The arrow hits the orc!
You kill the orc!
You shoot an arrow. Something hits you.
You shoot an arrow. Something barely misses you.
You shoot an arrow. You shoot an arrow. Something hits you!
You shoot an arrow. Something hits you!
You shoot an arrow. You shoot an arrow. Something hits you!
You die...

#.###.%.######
#..###... #.#
###.#....#
#......< #.#
#......#
####...\ #.#
##.....# ##...
..# #.....#
#... .##
##...)# #... .
####.....# #...
#. ##........#
#...
#...)@#####
##..
....7))....>.(.
...
###..{#.#######
#.## #._.#.#
#.....#
..)7.... ###)
.## . ..


There were no monsters in sight!

Vanquished Creatures
  Natasha (D:2)
  3 gnolls (D:3)
  5 adders
  A dart slug (D:1)
  6 orcs (D:3)
  12 ball pythons
  6 bats
  4 endoplasms
  4 giant cockroaches
  4 goblins
  5 hobgoblins
  2 quokkas
  5 frilled lizards
  6 kobolds
  4 rats
68 creatures vanquished.

Notes
Turn   | Place    | Note
-------+----------+-------------------------------------------
     0 | D:1      | qw the Deep Elf Hunter began the quest for the Orb.
     0 | D:1      | Reached XP level 1. HP: 12/12 MP: 3/3
     0 | D:1      | 0 ||| qw: Version: 0.3-a-9-g12657ce
     0 | D:1      | 0 ||| qw: Game counter: 1686
     0 | D:1      | 0 ||| qw: Always use a shield: true
     0 | D:1      | 0 ||| qw: God list: Okawaru
     0 | D:1      | 0 ||| qw: Allow faded altars: false
     0 | D:1      | 0 ||| qw: Do Orc after D:15 true
     0 | D:1      | 0 ||| qw: Do second Lair branch before Depths: true
     0 | D:1      | 0 ||| qw: Lair rune preference: random
     0 | D:1      | 0 ||| qw: Plans: Normal
     0 | D:1      | 0 ||| PLANNING D:1-11
    31 | D:1      | You fall into a shaft and drop 1 floor!
    45 | D:2      | 45 ||| DRINKING 2 bubbling coppery potions.
    95 | D:2      | 95 ||| DROPPING scroll of butterflies.
    96 | D:2      | 96 ||| DROPPING potion of lignification.
   146 | D:1      | Reached skill level 6 in Ranged Weapons
   146 | D:1      | Reached XP level 2. HP: 16/16 MP: 4/4
   178 | D:1      | 178 ||| UPGRADING to +5 ring of evasion.
   179 | D:1      | 179 ||| READING scroll labelled RIRINI GIFIUR.
   181 | D:1      | 181 ||| FLEEEEING.
   182 | D:1      | 182 ||| FLEEEEING.
   183 | D:1      | 183 ||| FLEEEEING.
   184 | D:1      | 184 ||| FLEEEEING.
   185 | D:1      | 185 ||| FLEEEEING.
   186 | D:1      | 186 ||| FLEEEEING.
   187 | D:1      | 187 ||| FLEEEEING.
   188 | D:1      | 188 ||| FLEEEEING.
   189 | D:1      | 189 ||| FLEEEEING.
   190 | D:1      | 190 ||| FLEEEEING.
   191 | D:1      | 191 ||| FLEEEEING.
   192 | D:1      | 192 ||| FLEEEEING.
   193 | D:1      | 193 ||| FLEEEEING.
   196 | D:1      | 196 ||| FLEEEEING.
   197 | D:1      | 197 ||| FLEEEEING.
   198 | D:1      | 198 ||| FLEEEEING.
   199 | D:1      | 199 ||| FLEEEEING.
   200 | D:1      | 200 ||| FLEEEEING.
   201 | D:1      | 201 ||| FLEEEEING.
   202 | D:1      | 202 ||| FLEEEEING.
   203 | D:1      | 203 ||| FLEEEEING.
   462 | D:1      | Reached XP level 3. HP: 20/20 MP: 5/5
   564 | D:1      | 564 ||| READING scroll labelled OPNOUFATROMN.
   565 | D:1      | 565 ||| READING scroll labelled PANU EKESHEMY.
   566 | D:1      | 566 ||| READING scroll labelled QEHACR ZUKHUA.
   693 | D:2      | Found a snail-covered altar of Cheibriados.
   875 | D:2      | Reached skill level 7 in Ranged Weapons
  1038 | D:2      | Noticed Natasha
  1047 | D:2      | Killed Natasha
  1048 | D:2      | Reached XP level 4. HP: 23/25 MP: 6/6
  1363 | D:2      | 1363 ||| READING scroll labelled ZYSHUI JALISSOMEERGH.
  1397 | D:3      | Found Sufues's Antique Armour Boutique.
  1412 | D:3      | 1412 ||| STAIRDANCE
  1488 | D:3      | 1488 ||| SHOPLISTING helmet (94 gold, have 67).
  1488 | D:3      | 1488 ||| SHOPLISTING pitted leather armour (147 gold, have
                  | 67).
  1488 | D:3      | 1488 ||| SHOPLISTING ring mail (84 gold, have 67).
  1488 | D:3      | 1488 ||| SHOPLISTING runed ring mail (147 gold, have 67).
  1488 | D:3      | 1488 ||| SHOPLISTING scale mail (84 gold, have 67).
  1501 | D:3      | Reached skill level 8 in Ranged Weapons
  1575 | D:3      | Found Venudi's Assorted Antiques.
  1587 | D:3      | Reached XP level 5. HP: 29/29 MP: 7/7
  1592 | D:3      | 1592 ||| BUYING 2 blue potions (43 gold).
  1592 | D:3      | Bought 2 blue potions for 43 gold pieces
  1592 | D:3      | 1592 ||| SHOPLISTING 2 smoky puce potions (43 gold, have
                  | 34).
  1592 | D:3      | 1592 ||| SHOPLISTING glowing ring mail (168 gold, have 34).
  1592 | D:3      | 1592 ||| BUYING scroll labelled IRAGAE ZOUSEAX (24 gold).
  1592 | D:3      | Bought a scroll labelled IRAGAE ZOUSEAX for 24 gold pieces
  1592 | D:3      | 1592 ||| SHOPLISTING scroll labelled MUG OVUXTABRO (24
                  | gold, have 10).
  1631 | D:3      | Found Tenaox's Antique Weapon Boutique.
  1687 | D:3      | Found Inkihuax's General Store.
  1692 | D:3      | 1692 ||| BUYING +0 ring mail (44 gold).
  1692 | D:3      | Bought a +0 ring mail for 44 gold pieces
  1692 | D:3      | 1692 ||| SHOPLISTING potion of enlightenment (55 gold, have
                  | 6).
  1692 | D:3      | 1692 ||| SHOPLISTING scroll of identify (22 gold, have 6).
  1692 | D:3      | 1692 ||| SHOPLISTING scroll of teleportation (33 gold, have
                  | 6).
  1743 | D:3      | Found a shimmering altar of Xom.
  1756 | D:3      | Noticed Sigmund
  1772 | D:3      | HP: 5/29 [something (10)]
  1774 | D:3      | Slain by Sigmund

Levels and vault maps discovered:
D:1:      dpeg_arrival_orchard, layout_basic, reono_crystal_passage
D:2:      layout_loops_corners, basic_altar, uniq_natasha
D:3:      layout_rooms, mainiacjoe_overflow_24_doors,
          mainiacjoe_overflow_tiny_flanked, serial_shops,
          nicolae_shop_peninsula, shop, shop, shop, nicolae_shop_behind_doors,
          uniq_sigmund, uniq_jessica

Skill      XL: |  1  2  3  4 |
---------------+-------------+-----
Ranged Weapons | 6 7 8 |  8.8
Fighting       | |  1.5
Dodging        | |  2.4
Stealth        | |  1.2

Action                     |  1- 3 |  4- 6 || total
---------------------------+-------+-------++-------
   Fire: Shortbow          |    99 |   110 ||   209
    Use: Potion            |     1 |       ||     1
         Scroll            |     4 |     1 ||     5
 Armour: Leather armour    |     5 |     6 ||    11
  Dodge: Dodged            |    26 |    55 ||    81

Table legend:
 A = Non-vault XP
 B = Vault XP
 C = Vault XP percentage of total XP
 D = Non-vault monster count
 E = Vault monster count
 F = Vault count percentage of total count
                 A         B        C        D         E       F
            +---------+---------+-------+---------+---------+-------
      Total |     215 |      37 |  14.7 |      67 |       1 |   1.5
            +---------+---------+-------+---------+---------+-------
        D:1 |      43 |       0 |   0.0 |      24 |       0 |   0.0
        D:2 |      64 |      37 |  36.6 |      20 |       1 |   4.8
        D:3 |     108 |       0 |   0.0 |      23 |       0 |   0.0
            +---------+---------+-------+---------+---------+-------
